 Dungeon Crawl Stone Soup version 0.29.1-debian-1-gc3f1650bb9 (webtiles) character file.

Game seed: 8665888349969018199

1 IdlyInterested the Chiller (level 1, 0/13 HPs)
             Began as a Demonspawn Wanderer on Sept 12, 2022.
             Slain by a quokka (4 damage)
             ... on level 1 of the Dungeon.
             The game lasted 00:01:00 (249 turns).

IdlyInterested the Chiller (Demonspawn Wanderer)     Turns: 249, Time: 00:01:01

Health: 0/13       AC:  3    Str:  8    XL:     1   Next: 16%
Magic:  2/2        EV: 10    Int: 18    God:
Gold:   18         SH:  0    Dex: 11    Spells: 2/2 levels left

rFire   . . .      SeeInvis .   a - +0 dagger
rCold   . . .      Faith    .   (no shield)
rNeg    . . .      Spirit   .   e - +0 leather armour
rPois   .          Reflect  .   (no helmet)
rElec   .          Harm     .   (no cloak)
rCorr   .          Rampage  .   (no gloves)
Will    .....                   (no boots)
Stlth   ++........              (no amulet)
HPRegen 0.04/turn               (no ring)
MPRegen 0.08/turn               (no ring)

@: no status effects
A: no striking features
a: no special abilities


You were on level 1 of the Dungeon.
You visited 1 branch of the dungeon, and saw 1 of its levels.

You collected 18 gold pieces.

Inventory:

Hand Weapons
 a - a +0 dagger (weapon)
Armour
 c - a +0 robe
 e - a +0 leather armour (worn)
Wands
 d - a wand of polymorph (4) (quivered)
Scrolls
 b - a scroll of blinking
 g - a scroll of immolation {unknown}
Potions
 f - 3 potions of curing {unknown}
 h - a potion of berserk rage {unknown}


   Skills:
 * Level 0.1 Fighting
 * Level 0.1 Dodging
 - Level 2.6 Stealth
 - Level 1.0 Spellcasting
 - Level 2.6 Ice Magic
 - Level 1.0 Earth Magic
 + Level 2.0 Evocations


You had 2 spell levels left.
You didn't know any spells.
Your spell library contained the following spells:

 Spells                   Type           Power      Damage    Failure   Level
 Freeze                   Ice            40%        1d6       10%         1
 Sandblast                Erth           8%         2d5       19%         1
 Frozen Ramparts          Ice            20%        1d4       28%         3
 Stone Arrow              Conj/Erth      4%         3d7       56%         3
 Hailstorm                Conj/Ice       5%         3d4       86%         4


Dungeon Overview and Level Annotations

Branches:
Dungeon (1/15)

Altars:


Message History

You start putting on your armour.
You continue putting on your +0 leather armour. x5
You finish putting on your +0 leather armour.
f - a white potion As you open the door, it creaks loudly!
There is an open door here.
You open the door.
There is an open door here.
There is an open door here.
You open the door.
There is an open door here.
You now have 13 gold pieces (gained 12).
Found a stone staircase leading down.
You now have 18 gold pieces (gained 5).
There is a stone staircase leading down here.
f - 3 white potions (gained 2)
An endoplasm comes into view.
You see here a scroll labelled XIAMISO JEECI.
g - a scroll labelled XIAMISO JEECI The helpless endoplasm fails to defend itself.
You hit the endoplasm.
You kill the endoplasm!
h - a fizzy brown potion A quokka comes into view.
You barely miss the quokka. The quokka bites you.
You hit the quokka but do no damage. The quokka barely misses you.
You barely miss the quokka. The quokka closely misses you.
The quokka bites you.
You closely miss the quokka. The quokka bites you.
You hit the quokka.
The quokka is moderately wounded.
The quokka bites you.
* * * LOW HITPOINT WARNING * * *
You hit the quokka but do no damage.
The quokka is moderately wounded.
The quokka closely misses you.
You hit the quokka.
The quokka is heavily wounded.
The quokka bites you.
You die...

#.......########
##.#####.# #..
#.# #.# #.# #.#
#.# #.# #.# #.#
#.# #r# #.# #@#
#># #.# #.# #.#
####.# ##### #.#
#....# ##...#
#.#
#.#######.....
#.#
#.##..........
#.#
#.##.####.....
#.###.##.#
##....
#........# #####


You could see a quokka.

Vanquished Creatures
  An endoplasm (D:1)
1 creature vanquished.

Notes
Turn   | Place    | Note
-------+----------+-------------------------------------------
     0 | D:1      | IdlyInterested the Demonspawn Wanderer began the quest for
                  | the Orb.
     0 | D:1      | IdlyInterested set off with the following items: a +0
                  | dagger, a scroll of blinking, a +0 robe, a wand of
                  | polymorph (4); and the following spells available to
                  | memorise: Freeze, Sandblast, Frozen Ramparts, Stone Arrow,
                  | Hailstorm.
     0 | D:1      | Reached XP level 1. HP: 13/13 MP: 2/2
   249 | D:1      | Slain by a quokka

Illustrated notes

Levels and vault maps discovered:
D:1:      dpeg_arrival_radiant, layout_loops_ring,
          chequers_ecumenical_altar_lobes, minmay_pentomino_q4

Action                   || total
-------------------------++-------
Melee: Dagger            ||     8
 Stab: Sleeping          ||     1
Dodge: Dodged            ||     3
